 Dungeon Crawl Stone Soup version 0.20.0-10-g0535bb4 (webtiles) character file.

99 Hasart the Ducker (level 4, 0/19 HPs)
             Began as a Felid Transmuter on June 3, 2017.
             Killed from afar by Sigmund (13 damage)
             ... with a puff of flame
             ... on level 3 of the Dungeon.
             The game lasted 00:10:23 (3990 turns).

Hasart the Ducker (Felid Transmuter)                Turns: 3990, Time: 00:10:24

Health: 0/19       AC:  1    Str:  6    XL:     4   Next: 45%
Magic:  8/8        EV: 19    Int: 14    God:
Gold:   136        SH:  0    Dex: 18    Spells: 1/8 levels left
                                        Lives:  0   Deaths: 1

rFire    . . .     SeeInvis +     - Unarmed
rCold    . . .     Gourm    .   (shield unavailable)
rNeg     . . .     Faith    .   (armour unavailable)
rPois    .         Spirit   .   (helmet unavailable)
rElec    .         Reflect  .   (cloak unavailable)
rCorr    .         Harm     .   (gloves unavailable)
MR       .....                  (boots unavailable)
Stlth    +.........             (no amulet)
Regen    0.1/turn               (no ring)
MPRegen  0.2/turn               (no ring)

@: confused, quick
A: no armour, no weapons or thrown items, stealth, claws 1, fangs 3, see
invisible, carnivore 3, speed 1, shaggy fur 1, slow metabolism 1, sharp paws
a: no special abilities


You were on level 3 of the Dungeon.
You were not hungry.

You visited 1 branch of the dungeon, and saw 3 of its levels.

You collected 136 gold pieces.

Inventory:

Missiles
 a - 22 arrows
Scrolls
 d - a scroll of fog {unknown}
 h - 2 scrolls of recharging {unknown}
 k - a scroll of enchant armour {unknown}
 l - 2 scrolls of remove curse {unknown}
 m - a scroll of enchant weapon {unknown}
 n - a scroll of teleportation {unknown}
Potions
 e - a potion of flight {unknown}
 g - 4 potions of curing {unknown}
 i - a potion of degeneration {unknown}
 j - a potion of agility {unknown}
Books
 b - a book of Changes

   Spells                             Type                      Level
   a - Beastly Appendage              Transmutation                1
   b - Sticks to Snakes               Transmutation                2
   c - Spider Form                    Transmutation/Poison         3
   d - Ice Form                       Ice/Transmutation            4
   e - Blade Hands                    Transmutation                5
Comestibles
 c - a meat ration
 f - a royal jelly


   Skills:
 + Level 2.0 Fighting
 + Level 4.0 Dodging
 + Level 3.4 Unarmed Combat
 + Level 2.5 Spellcasting
 * Level 3.4 Transmutations
 * Level 1.6 Ice Magic


You had one spell level left.
You knew the following spells:

 Your Spells              Type           Power        Failure   Level  Hunger
a - Sticks to Snakes      Tmut           ##......     9%          2    ###....
b - Ice Form              Ice/Tmut       #.......     61%         4    #####..
c - Beastly Appendage     Tmut           ##....       5%          1    #......


Dungeon Overview and Level Annotations

Branches:
Dungeon (3/15)

Altars:

Annotations:
D:3 Sigmund


Innate Abilities, Weirdness & Mutations

You cannot wear armour.
You are incapable of wielding weapons or throwing items.
Your paws allow you to move quietly. (Stealth)
You have sharp claws.
You have razor-sharp teeth.
You have supernaturally acute eyesight. (SInv)
You are carnivorous and can eat meat at any time.
You cover ground quickly.
You are covered in fur. (AC +1)
You have a slow metabolism.
Your sharp claws are effective at attacking unaware monsters.


Message History

You closely miss Natasha. You bite Natasha.
You kill Natasha!
Natasha growls in agony!
You start resting.
Your transformation is almost over.
You start resting.
Magic restored.
There is a stone staircase leading down here.
Your horns disappear.
Sigmund is nearby!
Sigmund shouts!
Sigmund points at you and mumbles some strange words.
You are confused.
You're too confused to cast spells.
Sigmund misses you.
You're too confused to cast spells.
You bump into the rock wall.
Sigmund points at you and mumbles some strange words.
The puff of flame hits you!
Ouch! That really hurt!
You die...

####...# #.##..#####.####.##
.......# #...........####.##
####...# #.########.......# #...#
###.################ #...####
#..........######
####...##.###.#.#.####......#
..............#...####......#
...............>............#####
.....†....>.....@@####......##...
####...##.#######.####......##.##
#.(.....## #......#######.#
#.#...#.# #.###### #.# #.#...#.#
#.# #.# #.#...#.# #.# #.#
#.#...#.# #.#### #####.#
#(##.##.# #....# #.....#
#.......# ####.#####.#####


You could see Sigmund.

Vanquished Creatures
  Natasha (twice) (D:3)
  A hound skeleton (D:3)
  An adder (D:2)
  A worm (D:3)
  3 dart slugs
  3 leopard geckos
  5 orcs (D:3)
  6 goblins
  7 hobgoblins
  10 jackals
  9 kobolds
  2 quokkas
  2 ball pythons
  7 bats
  7 frilled lizards
  10 rats
76 creatures vanquished.

Vanquished Creatures (collateral kills)
  An adder (D:3)
  A worm (D:1)
  2 orcs (D:3)
  A jackal (D:3)
  A bat (D:3)
6 creatures vanquished.

Grand Total: 82 creatures vanquished

Notes
Turn   | Place    | Note
-------+----------+-------------------------------------------
     0 | D:1      | Hasart the Felid Transmuter began the quest for the Orb.
     0 | D:1      | Reached XP level 1. HP: 9/9 MP: 4/4
   112 | D:1      | Reached skill level 3 in Dodging
   173 | D:1      | Reached XP level 2. HP: 11/12 MP: 4/6
   765 | D:1      | Reached XP level 3. HP: 7/15 MP: 7/7
  1073 | D:1      | Learned a level 2 spell: Sticks to Snakes
  2436 | D:2      | Reached XP level 4. HP: 9/19 MP: 8/8
  2442 | D:2      | Learned a level 4 spell: Ice Form
  3175 | D:3      | Reached skill level 4 in Dodging
  3175 | D:3      | Reached skill level 1 in Ice Magic
  3449 | D:3      | Noticed Natasha
  3468 | D:3      | Killed Natasha
  3472 | D:3      | Reached XP level 5. HP: 9/22 MP: 6/9
  3661 | D:3      | Noticed Sigmund
  3671 | D:3      | Slain by Sigmund
  3672 | D:3      | Reached XP level 4. HP: -1/19 MP: 7/8
  3949 | D:3      | Noticed Natasha
  3955 | D:3      | Killed Natasha
  3990 | D:3      | Killed from afar by Sigmund

Skill      XL: |  1  2  3  4 |
---------------+-------------+-----
Dodging        | 3 4 |  4.0
Transmutations | 3 |  3.4
Ice Magic      | 1 |  1.6
Fighting       | 2 |  2.0
Unarmed Combat | |  3.4
Spellcasting   | |  2.5

Action                   |  1- 3 |  4- 6 || total
-------------------------+-------+-------++-------
Melee: Unarmed           |   146 |   105 ||   251
       Bite              |    15 |     6 ||    21
       Headbutt          |    12 |    10 ||    22
       Punch             |     3 |     1 ||     4
 Cast: Beastly Appendage |    26 |    13 ||    39
       Sticks to Snakes  |     2 |    10 ||    12
 Stab: Sleeping          |     1 |     1 ||     2
       Distracted        |       |     3 ||     3
  Eat: Chunk             |     8 |     6 ||    14
Armor: Skin              |     5 |     3 ||     8
Dodge: Dodged            |   159 |    96 ||   255
